Map: [ESL] Royal Blood

Players

Lambo

  • Race: Zerg Zerg
  • League: Master
  • Spawn Location: 7:00

Reynor - Winner!

  • Race: Zerg Zerg
  • League: Master
  • Spawn Location: 1:00

Event: HomeStory Cup XXIII

VOD

Have the link to the VOD?

Description

Time

  • Played on: June 30, 2023, 11:13 a.m.
  • Length: 8:37

All games in this series

Show
View Real Time Build Order
Export as new Build Order

Lambo Zerg 

Build Orders: Hatch First, Zergling Baneling 

Get SALT Encoding   

  12  0:00  Drone  
  13  0:12  Overlord  
  13  0:16  Drone  
  14  0:30  Drone x2  
  16  0:46  Hatchery  
  15  0:50  Drone  
  15  0:54  Drone  
  15  0:57  Drone  
  18  1:07  Extractor  
  17  1:11  Spawning Pool  
  17  1:15  Drone  
  17  1:18  Drone  
  18  1:27  Drone  
  19  1:38  Drone  
  20  1:48  Drone  
  21  1:58  Queen x2  
  21  1:59  Overlord, Zergling x2  
  26  2:07  Metabolic Boost  
  26  2:09  Drone  
  26  2:10  Drone  
  28  2:20  Drone  
  28  2:21  Zergling x2  
  30  2:30  Drone  
  30  2:32  Drone  
  32  2:38  Hatchery  
  32  2:41  Drone  
  32  2:47  Baneling Nest  
  32  2:49  Overlord  
  31  2:54  Drone  
  31  2:55  Drone  
  33  3:04  Zergling x2  
  34  3:05  Drone x2  
  34  3:08  Drone, Zergling x2  
  34  3:09  Zergling x4  
  34  3:11  Drone  
  41  3:20  Drone  
  41  3:21  Drone  
  41  3:22  Extractor  
  41  3:23  Roach Warren  
  41  3:30  Evolution Chamber, Baneling  
  41  3:32  Drone x2  
  41  3:42  Overlord  
  41  3:43  Overlord  
  41  3:46  Overlord  
  41  3:47  Drone  
  42  3:52  Drone  
  43  4:02  Drone  
  44  4:14  Roach x3  
  44  4:15  Roach x4  
  58  4:19  Roach x2  
  58  4:22  Roach  
  58  4:23  Roach  
  66  4:34  Roach  
  68  4:41  Zergling x2  
  68  4:42  Zergling x6  
  72  4:47  Zergling x4  
  72  4:51  Overlord  
  73  4:53  Overlord  
  73  4:56  Baneling x8  
  73  4:57  Baneling  
  73  5:09  Overlord, Queen  
  73  5:10  Zergling x6  
  73  5:11  Zergling x6  
  81  5:18  Zergling x8  
  79  5:21  Zergling x4  
  79  5:23  Zergling x2  
  79  5:26  Zergling x4  
  76  5:32  Zergling x2  
  76  5:35  Zergling x2  
  78  5:38  Zergling x2  
  78  5:39  Ravager  
  78  5:41  Zergling x8  
  82  5:45  Zergling x2  
  82  5:46  Ravager  
  82  5:47  Zergling x2  
  77  5:53  Zergling x2  
  77  5:56  Zergling x2  
  71  5:59  Zerg Ground Armor Level 1  
  71  6:01  Roach x2  
  70  6:08  Roach x2  
  74  6:16  Roach x3  
  78  6:18  Zergling x8  
  78  6:24  Zergling x6  
  85  6:39  Zergling x10  
  90  6:43  Zergling x6  
  92  6:47  Zergling x4  
  92  6:50  Zergling x2  
  92  6:51  Zergling x2  
  92  6:52  Zergling x2  
  96  6:55  Ravager  
  96  6:56  Overlord  
  96  6:58  Overlord  
  97  7:02  Zergling x2  
  97  7:07  Overlord  
  98  7:14  Zergling x12  
  104  7:19  Zergling x4  
  104  7:20  Zergling x2  
  107  7:24  Ravager x3  
  107  7:25  Zergling x2  
  111  7:30  Ravager  
  111  7:33  Zergling x6  
  115  7:38  Zergling x6  
  115  7:39  Zergling x2  
  119  7:48  Zergling x6  
  121  7:52  Overlord  
  121  7:53  Overlord  
  121  7:58  Overlord  
  121  8:01  Zergling x2  
  121  8:02  Zergling x2  
  111  8:08  Zergling x4  
  111  8:09  Roach x3  
  111  8:12  Zergling x6  
  84  8:15  Zergling x2  
  84  8:16  Zergling x2  
  84  8:17  Zergling x2  
  84  8:19  Zergling x2  
  80  8:22  Ravager  
  80  8:23  Ravager x2  
Show
View Real Time Build Order
Export as new Build Order

Reynor Zerg - Winner!

Build Orders: Hatch First 

Get SALT Encoding   

  12  0:00  Drone  
  13  0:11  Overlord  
  13  0:16  Drone  
  14  0:30  Drone x2  
  16  0:47  Hatchery  
  15  0:50  Drone  
  15  0:54  Drone  
  17  0:57  Drone  
  18  1:08  Extractor  
  17  1:12  Spawning Pool  
  17  1:15  Drone  
  17  1:18  Drone  
  18  1:27  Drone  
  19  1:38  Drone  
  20  1:48  Drone  
  21  1:59  Overlord, Queen x2  
  21  2:00  Zergling x2  
  26  2:08  Metabolic Boost  
  26  2:09  Drone  
  26  2:10  Drone  
  28  2:21  Drone, Zergling x2  
  30  2:31  Drone x2  
  32  2:37  Hatchery  
  32  2:42  Drone  
  32  2:46  Drone, Baneling Nest  
  32  2:53  Overlord  
  32  2:54  Drone  
  33  3:03  Drone  
  33  3:04  Queen  
  36  3:11  Drone  
  36  3:12  Overlord  
  37  3:13  Drone  
  37  3:14  Drone  
  37  3:16  Zergling x2  
  37  3:18  Zergling x2  
  41  3:22  Zergling x2  
  41  3:23  Drone  
  43  3:27  Drone  
  43  3:28  Evolution Chamber  
  43  3:30  Drone  
  43  3:32  Drone  
  44  3:41  Overlord  
  44  3:43  Drone  
  44  3:45  Drone x3  
  48  3:50  Drone  
  48  3:52  Roach Warren  
  48  3:54  Drone x2  
  50  3:55  Baneling  
  50  4:00  Zerg Ground Armor Level 1  
  50  4:01  Drone  
  50  4:02  Drone  
  52  4:05  Drone  
  53  4:11  Drone  
  53  4:13  Overlord  
  53  4:16  Extractor, Drone x3  
  53  4:17  Extractor, Drone  
  55  4:20  Overlord  
  56  4:27  Overlord  
  56  4:29  Drone x2  
  56  4:31  Baneling  
  58  4:37  Overlord  
  58  4:41  Roach x4  
  58  4:43  Roach  
  67  4:47  Roach  
  67  4:49  Drone x3  
  67  4:50  Drone  
  67  4:51  Roach  
  74  4:52  Zergling x2  
  74  4:53  Zergling x2  
  74  4:56  Roach  
  74  4:57  Roach  
  79  5:00  Roach  
  79  5:02  Overlord  
  79  5:04  Roach  
  79  5:06  Roach  
  85  5:09  Spine Crawler  
  85  5:12  Roach, Zergling x2  
  86  5:14  Overlord  
  86  5:19  Roach x2, Zergling x2  
  87  5:25  Roach x2, Zergling x2  
  82  5:29  Roach, Zergling x2  
  82  5:31  Roach  
  82  5:35  Roach  
  81  5:43  Roach x2, Zergling x2  
  81  5:46  Roach x2, Zergling x2  
  81  5:47  Zergling x2  
  83  5:50  Queen  
  83  5:52  Roach  
  83  5:53  Zergling x2  
  83  5:56  Roach  
  85  6:05  Roach x2, Queen  
  85  6:09  Roach, Baneling Nest  
  92  6:17  Roach x2  
  96  6:18  Roach  
  96  6:24  Roach  
  100  6:26  Roach  
  100  6:28  Roach  
  104  6:35  Zergling x2  
  104  6:36  Roach  
  106  6:40  Zergling x2  
  106  6:41  Hatchery  
  106  6:45  Roach  
  106  6:46  Overlord  
  107  6:51  Roach  
  107  6:52  Roach, Zergling x4  
  107  6:53  Ravager  
  112  6:57  Zergling x2  
  112  6:58  Zergling x2  
  112  6:59  Overlord  
  112  7:00  Overlord  
  114  7:05  Overlord  
  114  7:06  Roach  
  116  7:09  Roach  
  116  7:10  Zergling x2  
  116  7:11  Zergling x2  
  120  7:17  Baneling x3  
  120  7:18  Zergling x6  
  120  7:19  Zergling x2  
  124  7:23  Zergling x2  
  124  7:26  Zergling x2  
  124  7:27  Zergling x6  
  129  7:32  Zergling x2, Lair  
  129  7:34  Baneling  
  129  7:35  Baneling x2  
  130  7:37  Zergling x10  
  135  7:45  Overlord  
  135  7:46  Zergling x4  
  136  7:52  Baneling x6  
  136  7:53  Zergling x8  
  136  7:55  Zergling x2  
  136  7:56  Zergling x2  
  142  8:02  Zergling x8  
  132  8:09  Roach, Zergling x8  
  132  8:11  Roach  
  113  8:16  Roach x2  
Tags
 
Add a new tag
Caveats
  • Supply blocks, unpowered buildings, or Contaminate may cause inaccurate times.
  • Supply counts are checked every 10 seconds.